 Dungeon Crawl Stone Soup version 0.25-a0-310-g60f0ac2d9a (webtiles) character file.

Game seed: 11343315037900452079, levelgen mode: deterministic

2517 ANON1729 the Sneak (level 9, 0/51 HPs)
             Began as an Octopode Earth Elementalist on Dec 23, 2019.
             Slain by a wight
             ... wielding a +3 long sword
              (5 damage)
             ... on level 8 of the Dungeon.
             The game lasted 00:21:13 (13160 turns).

ANON1729 the Sneak (Octopode Earth Elementalist)   Turns: 13160, Time: 00:21:14

Health: 0/51       AC:  1    Str:  7    XL:     9   Next: 54%
Magic:  11/16      EV: 15    Int: 19    God:
Gold:   114        SH:  0    Dex: 14    Spells: 10/17 levels left

rFire    + . .     SeeInvis .   a - +1 dagger (flame)
rCold    . . .     Gourm    .   (no shield)
rNeg     . . .     Faith    .   (helmet restricted)
rPois    .         Spirit   .   q - amulet of magic regeneration
rElec    .         Reflect  .   n - ring of protection from fire
rCorr    .         Harm     .   (no ring)
MR       .....                  (no ring)
Stlth    ++++......             (no ring)
HPRegen  0.17/turn              (no ring)
MPRegen  0.40/turn              (no ring)
                                (no ring)
                                (no ring)

@: no status effects
A: almost no armour, stealthy swim, amphibious, 8 rings, constrict 8, camouflage
1, gelatinous body 1
a: no special abilities


You were on level 8 of the Dungeon.
You were very hungry.

You visited 2 branches of the dungeon, and saw 9 of its levels.

You collected 317 gold pieces.
You spent 203 gold pieces at shops.

Inventory:

Hand Weapons
 a - a +1 dagger of flaming (weapon)
Missiles
 b - 197 stones (quivered)
Jewellery
 j - an uncursed amulet of faith
 n - a ring of protection from fire (left tentacle)
 q - an amulet of magic regeneration (around mantle)
Wands
 s - a wand of flame (7)
 D - a wand of digging (3)
Scrolls
 e - 2 scrolls of teleportation
 g - a scroll of amnesia
 h - 2 scrolls of identify
 i - 3 scrolls of enchant weapon {unknown}
 l - 2 scrolls of fog
 r - 2 scrolls of blinking {unknown}
 t - 4 scrolls of remove curse
 w - 2 scrolls of enchant armour {unknown}
 y - a scroll of torment {unknown}
 B - a scroll of fear {unknown}
 C - a scroll of immolation {unknown}
 E - a scroll of random uselessness {unknown}
 F - a scroll of vulnerability {unknown}
Potions
 d - 3 potions of agility
 f - 3 potions of heal wounds {unknown}
 k - a potion of degeneration {unknown}
 m - 5 potions of flight
 o - 2 potions of brilliance {unknown}
 p - a potion of might {unknown}
 u - a potion of ambrosia {unknown}
 v - a potion of invisibility {unknown}
 x - a potion of haste {unknown}
 z - a potion of magic {unknown}
 A - a potion of cancellation {unknown}
 G - 2 potions of curing
Comestibles
 c - 14 rations


   Skills:
 - Level 0.3 Fighting
 + Level 3.9 Short Blades
 + Level 4.7 Dodging
 + Level 7.0 Stealth
 + Level 4.5 Unarmed Combat
 + Level 4.7 Spellcasting
 * Level 5.7 Transmutations
 + Level 5.5 Earth Magic


You had 10 spell levels left.
You knew the following spells:

 Your Spells              Type           Power        Failure   Level  Hunger
a - Sandblast             Erth           ####..       1%          1    None
b - Passwall              Tmut/Erth      ####....     1%          2    #......
c - Petrify               Tmut/Erth      ####....     12%         4    ####...

Your spell library contained the following spells:

 Spells                   Type           Power        Failure   Level  Hunger
 Stone Arrow              Conj/Erth      ###...       12%         3    ##.....
 Animate Skeleton         Necr           N/A          13%         1    None
 Pain                     Necr           #...         13%         1    None
 Regeneration             Chrm/Necr      #.........   36%         3    ##.....
 Vampiric Draining        Necr           #.........   36%         3    ##.....
 Lee's Rapid Deconstruct  Erth           ####......   36%         5    ######.
 Animate Dead             Necr           N/A          77%         4    ####...


Dungeon Overview and Level Annotations

Branches:
Dungeon (8/15)             Temple (1/1) D:4
   Lair: D:8-11

Altars:
Ashenzari
Cheibriados
Dithmenos
Elyvilon
Fedhas
Gozag
Kikubaaqudgha
Makhleb
Okawaru
Qazlal
Sif Muna
Trog
Uskayaw
Vehumet
Wu Jian
Xom
Yredelemnul
Zin
The Shining One

Shops:
D:6 *[*=?

Annotations:
D:4 Purgy


Innate Abilities, Weirdness & Mutations

You cannot wear most types of armour.
You are very stealthy in the water. (Stealth+)
You are amphibious.
You can wear up to eight rings at the same time.
You can use your tentacles to constrict eight enemies at once.
Your skin changes colour to match your surroundings (Stealth+).
Your rubbery body absorbs attacks. (AC +1, EV +1)


Message History

Casting: Sandblast (safe; 1% risk of failure)
Confirm with . or Enter, or press ? or * to list all spells.
Aiming: Sandblast (safe; 1% risk of failure)
Press: ? - help, Shift-Dir - straight line, f/p - wight
Aim: a wight, wielding a +3 long sword and wearing a +0 robe (lightly damaged)
Okay, then.
Casting: Sandblast (safe; 1% risk of failure)
Confirm with . or Enter, or press ? or * to list all spells.
Aiming: Petrify (safe; 12% risk of failure)
Press: ? - help, Shift-Dir - straight line, f/p - wight
Aim: a wight, wielding a +3 long sword and wearing a +0 robe (lightly damaged, chance to defeat MR: 55%)
Okay, then.
Casting: Petrify (safe; 12% risk of failure)
Confirm with . or Enter, or press ? or * to list all spells.
Aiming: Petrify (safe; 12% risk of failure)
Press: ? - help, Shift-Dir - straight line, f/p - wight
Aim: a wight, wielding a +3 long sword and wearing a +0 robe (lightly damaged, chance to defeat MR: 55%)
The wight resists with significant effort.
The wight hits you with a +3 long sword.
You die...

###....... #........##
##......$..# .
##.......#..## .#
#....(...##..# ..# ##.#
##..........####.####...
.#.....†...........# ....
.........##..†..#..##....
...##.##@###...###.... ..
# ####z####..###.#.# .
#...# ##.....#.## #
##)####.##......###
#....!..# #.....###..##.
###....z# #......#......
......... ##..†.........
..#...#...........#.....
..l...##..#....[.###....


You could see 2 wights.

Vanquished Creatures
  Pikel (D:5)
  A spriggan (D:7)
  2 orc warriors
  An ice beast (D:7)
  2 phantoms
  A slave (D:5)
  2 ogres (D:7)
  6 bullfrogs
  A scorpion (D:7)
  3 howler monkeys
  2 crimson imps
  A quasit (D:6)
  5 hounds
  An iguana (D:5)
  6 worker ants
  An orc wizard (D:6)
  A worker ant zombie (D:5)
  Robin (D:2)
  8 gnolls
  4 adders
  3 oozes
  3 worms
  2 dart slugs (D:1)
  4 leopard geckos
  12 orcs
  9 giant cockroaches
  22 goblins
  8 hobgoblins
  11 jackals
  8 kobolds
  3 quokkas
  2 ball pythons
  4 bats
  5 frilled lizards
  9 rats
155 creatures vanquished.

Notes
Turn   | Place    | Note
-------+----------+-------------------------------------------
     0 | D:1      | ANON1729 the Octopode Earth Elementalist began the quest
                  | for the Orb.
     0 | D:1      | Reached XP level 1. HP: 11/11 MP: 3/3
   305 | D:1      | Reached XP level 2. HP: 3/17 MP: 0/5
  1146 | D:1      | Reached skill level 3 in Stealth
  1557 | D:1      | Reached XP level 3. HP: 21/21 MP: 6/6
  2121 | D:1      | Reached skill level 1 in Unarmed Combat
  2337 | D:1      | HP: 1/21 [jackal (1)]
  2342 | D:1      | HP: 1/21 [jackal (1)]
  3006 | D:2      | Noticed Robin
  3013 | D:2      | Reached XP level 4. HP: 20/27 MP: 7/7
  3069 | D:2      | Found a shattered altar of Ashenzari.
  3812 | D:2      | Found a shimmering altar of Xom.
  3838 | D:2      | Killed Robin
  5193 | D:3      | Reached XP level 5. HP: 30/31 MP: 9/9
  5521 | D:3      | Learned a level 2 spell: Passwall
  5526 | D:3      | Learned a level 4 spell: Petrify
  5667 | D:3      | Reached skill level 4 in Stealth
  6146 | D:3      | Found a shadowy altar of Dithmenos.
  6147 | D:3      | Found a white marble altar of Elyvilon.
  6328 | D:4      | Noticed Purgy
  6650 | D:4      | Noticed a phantom
  6671 | D:4      | Killed a phantom
  6671 | D:4      | Reached skill level 1 in Short Blades
  6671 | D:4      | Reached XP level 6. HP: 33/36 MP: 1/10
  6756 | D:4      | Found a staircase to the Ecumenical Temple.
  6771 | Temple   | Entered the Ecumenical Temple
  8342 | D:5      | Entered Level 5 of the Dungeon
  8520 | D:5      | Found a shimmering altar of Xom.
  8582 | D:5      | Reached XP level 7. HP: 41/41 MP: 9/12
  8832 | D:5      | Found an iron altar of Okawaru.
  8919 | D:5      | Reached skill level 5 in Stealth
  9308 | D:5      | Noticed Pikel
  9820 | D:5      | Killed Pikel
  9820 | D:5      | Reached XP level 8. HP: 29/46 MP: 12/14
 10215 | D:6      | Found Qypnasma's Jewellery Emporium.
 10283 | D:6      | Reached skill level 6 in Stealth
 10517 | D:6      | Found Asui's Assorted Antiques.
 10536 | D:6      | Bought a scroll labeled LOATUL MEUJEN for 27 gold pieces
 10536 | D:6      | Bought a black potion for 24 gold pieces
 10536 | D:6      | Bought a scroll labeled POGOSIG SUESIS for 27 gold pieces
 10536 | D:6      | Bought a dark potion for 24 gold pieces
 10536 | D:6      | Bought a scroll of identify for 54 gold pieces
 10697 | D:6      | Reached skill level 5 in Earth Magic
 10724 | D:6      | Found Ruuqe Liaphi's Magic Scroll Emporium.
 10738 | D:6      | Found Hekealuy's Antique Armour Shop.
 11138 | D:6      | Found Duskotuh's Assorted Antiques.
 11147 | D:6      | Bought a pink potion for 22 gold pieces
 11147 | D:6      | Bought a scroll labeled MOMOAG USOCIPS for 25 gold pieces
 11381 | D:7      | Reached XP level 9. HP: 51/51 MP: 15/15
 11543 | D:7      | Reached skill level 5 in Transmutations
 11670 | D:7      | Found a stormy altar of Qazlal.
 11965 | D:7      | Noticed an angel
 11966 | D:7      | Found a shimmering altar of Xom.
 11966 | D:7      | Found a glowing silver altar of Zin.
 12972 | D:8      | Reached skill level 7 in Stealth
 13160 | D:8      | Slain by a wight

Levels and vault maps discovered:
D:1:      shiori_arrival_oz, layout_loops_ring, minmay_misc_feat_pillars,
          kennysheep_decorative_pillar, minmay_hedge_maze, minmay_unequal
D:2:      layout_loops_ring, old_standard_altar, first_ration, xom_teletrap_fun,
          uniq_robin
D:3:      layout_basic, gammafunk_temple_overflow_statue, amethyst_killhole
D:4:      layout_cave_pools, minmay_temple_entry_glass, uniq_purgy
D:5:      layout_loops_ring, okawaru_trees_1, basic_altar, chequers_avenue,
          uniq_pikel
D:6:      layout_basic, serial_shops, shop, nicolae_shop_behind_doors,
          nicolae_shop_trees, shop, shop
D:7:      layout_loops_corners, grunt_temple_overflow_order_and_chaos_1,
          kennysheep_little_box, the_bakery
D:8:      layout_cave_pools, marbit_many_paths,
          nemelex_xobeh_ov_fountains_minmay, serial_park_tiny_1
Temple:   hc_temple_tempest_star

Skill      XL: |  1  2  3  4  5  6  7  8  9 |
---------------+----------------------------+-----
Stealth        | 3 4 5 6 7 |  7.0
Unarmed Combat | 1 2 3 4 |  4.5
Spellcasting   | 3 4 |  4.7
Short Blades   | 1 2 3 |  3.9
Earth Magic    | 4 5 |  5.5
Transmutations | 2 3 4 5 |  5.7
Dodging        | 3 4 |  4.7
Fighting       | |  0.3

Action                   |  1- 3 |  4- 6 |  7- 9 || total
-------------------------+-------+-------+-------++-------
Melee: Unarmed           |   114 |   181 |       ||   295
       Tentacles         |    16 |    37 |    24 ||    77
       Constrict         |    22 |    44 |    25 ||    91
       Punch             |       |     1 |     4 ||     5
       Dagger            |       |       |   154 ||   154
Throw: Stone             |     1 |     1 |       ||     2
 Cast: Sandblast         |    23 |    46 |    24 ||    93
       Petrify           |       |     1 |    16 ||    17
  Use: Potion            |     4 |       |     1 ||     5
       Scroll            |       |     3 |     4 ||     7
 Stab: Sleeping          |     8 |    10 |    15 ||    33
       Distracted        |       |     2 |       ||     2
       Petrified         |       |       |    15 ||    15
  Eat: Chunk             |     6 |    18 |    10 ||    34
       Ration            |       |       |     2 ||     2
Armor: Skin              |    10 |    14 |     8 ||    32
Dodge: Dodged            |   114 |   154 |    82 ||   350

Table legend:
 A = Non-vault XP
 B = Vault XP
 C = Vault XP percentage of total XP
 D = Non-vault monster count
 E = Vault monster count
 F = Vault count percentage of total count
                 A         B        C        D         E       F
            +---------+---------+-------+---------+---------+-------
      Total |    2673 |     924 |  25.7 |     132 |      22 |  14.3
            +---------+---------+-------+---------+---------+-------
        D:1 |      63 |      15 |  19.2 |      29 |       8 |  21.6
        D:2 |      40 |      34 |  45.9 |      12 |      12 |  50.0
        D:3 |     109 |       0 |   0.0 |      22 |       0 |   0.0
        D:4 |     279 |       0 |   0.0 |      18 |       0 |   0.0
        D:5 |     428 |     651 |  60.3 |      17 |       1 |   5.6
        D:6 |     600 |       0 |   0.0 |      15 |       0 |   0.0
        D:7 |     897 |     224 |  20.0 |       9 |       1 |  10.0
        D:8 |     245 |       0 |   0.0 |       6 |       0 |   0.0
     Temple |      12 |       0 |   0.0 |       4 |       0 |   0.0
            +---------+---------+-------+---------+---------+-------
